 Dungeon Crawl Stone Soup version 0.29-a0-866-g0545e20025 (webtiles) character file.

Game seed: 9436588743269639372

2662 Ajdolov the Basher (level 9, -9/43 HPs)
             Began as a Vine Stalker Fighter on July 17, 2022.
             Was a Follower of the Shining One.
             Mangled by an orc warrior
             ... wielding a +0 halberd
              (16 damage)
             ... in a bailey.
             The game lasted 00:11:33 (5582 turns).

Ajdolov the Basher (Vine Stalker Fighter)           Turns: 5582, Time: 00:11:34

Health: -9/43      AC: 12    Str: 23    XL:     9   Next: 63%
Magic:  0/11       EV:  9    Int:  8    God:    the Shining One [*.....]
Gold:   280        SH:  6    Dex: 14    Spells: 8/8 levels left

rFire   + . .      SeeInvis .   m - +0 whip
rCold   . . .      Faith    .   c - +0 buckler
rNeg    . . .      Spirit   +   b - +0 scale mail
rPois   .          Reflect  .   (no helmet)
rElec   .          Harm     .   n - +0 cloak
rCorr   .          Rampage  .   (no gloves)
Will    +....                   q - +0 pair of boots
Stlth   ..........              (no amulet)
HPRegen 0.94/turn               v - +4 ring of protection
MPRegen 0.12/turn               d - ring of protection from fire

@: glowing
A: fangs 3, regeneration 1, magic shield, antimagic bite, no potion heal 2
a: Renounce Religion, Divine Shield


You were in a bailey.
You worshipped the Shining One.
The Shining One was aware of your devotion.
You visited 2 branches of the dungeon, and saw 8 of its levels.
You also visited: Bailey.

You collected 280 gold pieces.

Inventory:

Hand Weapons
 m - a +0 whip (weapon)
Missiles
 C - a poisoned dart (quivered)
Armour
 b - a +0 scale mail (worn)
 c - a +0 buckler (worn)
 n - a +0 cloak (worn)
 q - a +0 pair of boots (worn)
Jewellery
 d - a ring of protection from fire (right hand)
 v - a +4 ring of protection (left hand)
Wands
 u - a wand of flame (38)
 D - a wand of roots (1)
Scrolls
 e - 2 scrolls of enchant weapon
 h - 3 scrolls of immolation
 k - a scroll of enchant armour {unknown}
 l - a scroll of brand weapon {unknown}
 p - a scroll of silence
 r - 2 scrolls of poison
 w - 2 scrolls of teleportation
 x - a scroll of torment {unknown}
 y - 2 scrolls of fear
 A - 2 scrolls of vulnerability
Potions
 a - 3 potions of haste {unknown}
 g - 2 potions of invisibility {unknown}
 i - 3 potions of heal wounds {unknown}
 o - a potion of berserk rage {unknown}
 t - 2 potions of lignification {unknown}
 B - a potion of degeneration {unknown}
 E - 2 potions of mutation {unknown}


   Skills:
 - Level 2.6 Fighting
 * Level 9.8 Maces & Flails
 - Level 2.4 Armour
 - Level 6.7 Shields
 + Level 2.6 Invocations


You had 8 spell levels left.
You didn't know any spells.
Your spell library contained the following spells:

 Spells                   Type           Power      Damage    Failure   Level
 Foxfire                  Conj/Fire      0%         2x1d4     80%         1
 Summon Small Mammal      Summ           0%         N/A       80%         1
 Static Discharge         Conj/Air       0%         3-3/arc   91%         2
 Call Canine Familiar     Summ           0%         N/A       99%         3
 Conjure Flame            Conj/Fire      0%         6-21      99%         3
 Inner Flame              Hex/Fire       0%         N/A       99%         3
 Ozocubu's Armour         Ice            0%         N/A       99%         3
 Portal Projectile        Hex/Tloc       0%         N/A       99%         3
 Summon Guardian Golem    Hex/Summ       0%         N/A       99%         3
 Tukima's Dance           Hex            0%         N/A       99%         3
 Flame Wave               Conj/Fire      0%         2d4       100%        4
 Blade Hands              Tmut           0%         N/A       100%        5
 Lightning Bolt           Conj/Air       0%         1d11      100%        5
 Ozocubu's Refrigeration  Ice            0%         4d5       100%        7
 Maxwell's Capacitive Co  Air            0%         ∞         100%        8


Dungeon Overview and Level Annotations

Branches:
Dungeon (7/15)             Temple (1/1) D:5          Bailey (1/1)

Altars:
Dithmenos
Fedhas
Makhleb
Okawaru
Qazlal
Trog
Vehumet
Wu Jian
Yredelemnul
Zin
The Shining One


Innate Abilities, Weirdness & Mutations

You have razor-sharp teeth.
Your natural rate of healing is unusually fast.
When hurt, damage is shared between your health and your magic reserves.
Your bite disrupts and absorbs the magic of your enemies.
Potions cannot restore your health.


Message History

The orc warrior hits you from afar with a +0 halberd!
* * * LOW HITPOINT WARNING * * *
The orc warrior barely misses you.
You hit the orc warrior.
You bite the orc warrior, but do no damage.
The orc warrior is severely wounded.
You hit the orc warrior but do no damage.
You bite the orc warrior, but do no damage.
The orc warrior is severely wounded.
The orc warrior closely misses you.
You hit the orc warrior but do no damage.
Your bite misses the orc warrior.
The orc warrior is severely wounded.
The orc warrior hits you with a +0 halberd.
* * * LOW HITPOINT WARNING * * *
You hit the orc warrior but do no damage.
You bite the orc warrior, but do no damage.
The orc warrior is severely wounded.
You completely miss the orc warrior.
The orc warrior is severely wounded.
The orc warrior barely misses you.
You hit the orc warrior but do no damage.
You bite the orc warrior, but do no damage.
The orc warrior is severely wounded.
Press: ? - help, v - describe, . - travel
Here: an orc warrior, wielding a +0 halberd and wearing a +0 crystal plate armour (severely wounded, haloed)
The floor.
You barely miss the orc warrior. You bite the orc warrior. You drain its power.
You feel invigorated.
The orc warrior is almost dead.
The orc warrior closely misses you.
You hit the orc warrior.
The orc warrior is almost dead.
The orc warrior completely misses you.
You completely miss the orc warrior. Your bite misses the orc warrior.
The orc warrior is almost dead.
You hit the orc warrior but do no damage.
The orc warrior is almost dead.
The orc warrior hits you with a +0 halberd!!
You die...

♣.≈≈≈≈≈♣♣...
#...≈≈≈≈≈♣..#
##.♣..≈≈≈≈♣..#
###.....≈≈≈≈...#
♣♣♣....♣..≈≈≈≈.♣.#
♣♣.........≈≈≈≈....
♣.........######...
♣..∩..........)....
♣.@o.....(..).)....
♣............)...).
♣..∩.........))....
♣.........######...
♣♣......♣..≈≈≈≈....
♣♣♣...♣♣..≈≈≈≈...#
###.....≈≈≈≈...#
####..≈≈≈≈≈..#
#...≈≈≈≈..#


You could see an orc warrior.

Vanquished Creatures
  Prince Ribbit (D:5)
  Sigmund (D:5)
  4 water moccasins
  2 black bears
  4 orc warriors
  4 ice beasts
  An ogre (D:4)
  2 phantoms
  A necrophage (D:4)
  A bullfrog (D:7)
  A howler monkey (D:5)
  2 hounds (D:4)
  An orc priest (D:6)
  2 jellies
  A gnoll bouda (D:5)
  3 iguanas
  2 orc wizards
  7 gnolls
  9 adders
  2 shadow imps
  An ufetubus (D:3)
  A worm (D:2)
  8 dart slugs
  13 orcs
  7 bats
  10 endoplasms
  5 giant cockroaches
  6 goblins
  6 hobgoblins
  4 jackals (D:1)
  4 quokkas
  2 ball pythons
  3 frilled lizards
  6 kobolds
  7 rats
134 creatures vanquished.

Notes
Turn   | Place    | Note
-------+----------+-------------------------------------------
     0 | D:1      | Ajdolov the Vine Stalker Fighter began the quest for the
                  | Orb.
     0 | D:1      | Reached XP level 1. HP: 11/11 MP: 2/2
    35 | D:1      | Found a faded altar of an unknown god.
    93 | D:1      | Reached skill level 2 in Maces & Flails
   321 | D:1      | Reached XP level 2. HP: 16/16 MP: 3/3
   631 | D:1      | Reached XP level 3. HP: 19/19 MP: 4/4
  1208 | D:2      | Reached skill level 3 in Maces & Flails
  1400 | D:2      | Gained mutation: Your natural rate of healing is unusually
                  | fast. [Vine Stalker growth]
  1400 | D:2      | Reached XP level 4. HP: 21/23 MP: 5/5
  2373 | D:3      | Reached XP level 5. HP: 27/27 MP: 6/6
  2771 | D:4      | Reached skill level 4 in Maces & Flails
  2927 | D:4      | Noticed an ogre
  3154 | D:4      | Noticed a phantom
  3185 | D:4      | Killed a phantom
  3186 | D:4      | Reached XP level 6. HP: 28/32 MP: 5/7
  3507 | D:4      | Reached skill level 5 in Maces & Flails
  3654 | D:5      | Entered Level 5 of the Dungeon
  3654 | D:5      | Noticed a black bear
  3662 | D:4      | Killed a black bear
  3663 | D:4      | Reached XP level 7. HP: 35/35 MP: 8/8
  3684 | D:5      | Reached skill level 6 in Maces & Flails
  3738 | D:5      | Found a staircase to the Ecumenical Temple.
  3766 | D:4      | Reached skill level 5 in Shields
  3777 | Temple   | Entered the Ecumenical Temple
  3796 | Temple   | Became a worshipper of the Shining One
  4014 | D:5      | Gained mutation: You have razor-sharp teeth. [Vine Stalker
                  | growth]
  4014 | D:5      | Reached XP level 8. HP: 39/39 MP: 9/9
  4016 | D:5      | Noticed Prince Ribbit
  4033 | D:5      | Killed Prince Ribbit
  4034 | D:5      | Reached skill level 7 in Maces & Flails
  4430 | D:5      | Noticed Sigmund
  4444 | D:5      | Killed Sigmund
  4445 | D:5      | Reached skill level 8 in Maces & Flails
  4621 | D:6      | Reached XP level 9. HP: 43/43 MP: 6/10
  4622 | D:6      | Reached * piety under the Shining One
  4755 | D:6      | Reached skill level 9 in Maces & Flails
  5016 | D:6      | Identified the +1 leather armour "Dekevek" {Int+5 Dex+3}
  5343 | D:7      | Reached skill level 1 in Invocations
  5445 | D:7      | Found a flagged portal.
  5456 | Bailey   | Entered a bailey
  5555 | Bailey   | HP: 2/43 [orc warrior/+0 halberd (12)]
  5582 | Bailey   | Mangled by an orc warrior

Illustrated notes

Levels and vault maps discovered:
D:1:      dpeg_arrival_long_road, layout_loops_corners,
          hellmonk_ecumenical_altar_zigzags
D:2:      minmay_skewed_foursquare, layout_rooms
D:3:      layout_loops_corners, grunt_ministairs_5
D:4:      layout_rooms, nrook_mini_vaults, minmay_misc_feat_rugged,
          kennysheep_generic_room_16
D:5:      layout_basic, minmay_temple_entry_statues_fountains,
          uniq_prince_ribbit1, uniq_sigmund
D:6:      layout_loops_cross
D:7:      layout_basic, mainiacjoe_overflow_alcove_2, gup_ossuary_entry_pyramid,
          enter_bailey_2, hangedman_decor_push, minmay_misc_feat_roman
Temple:   compressed_dpeg_triangle_lava_temple
Bailey:   bailey_polearm_elven_captive_hellmonk, bailey

Skill      XL: |  1  2  3  4  5  6  7  8  9 |
---------------+----------------------------+-----
Maces & Flails | 2 3 4 5 6 8 9 |  9.8
Shields        | 3 4 5 6 |  6.7
Invocations    | 2 |  2.6
Fighting       | |  2.6
Armour         | |  2.4

Action                   |  1- 3 |  4- 6 |  7- 9 || total
-------------------------+-------+-------+-------++-------
Melee: Flail             |    82 |    32 |       ||   114
       Bite              |    13 |    59 |   108 ||   180
       Whip              |       |   181 |   282 ||   463
Throw: Dart              |       |     2 |     7 ||     9
Evoke: Wand              |       |     5 |     9 ||    14
  Use: Potion            |       |     1 |     1 ||     2
       Scroll            |       |       |    11 ||    11
Armor: Scale mail        |    34 |    78 |    94 ||   206
Dodge: Dodged            |    47 |    77 |    88 ||   212
Block: Buckler           |    23 |    48 |    37 ||   108

Table legend: (Time is in decaauts)
 A = Elapsed time spent in this place.
 B = Non-inter-level travel time spent in this place.
 C = Inter-level travel time spent in this place.
 D = Time resting spent in this place.
 E = Time spent auto-exploring this place.
 F = Levels seen in this place.
 G = Mean time per level.
                   A        B        C        D        E       F      G
               +--------+--------+--------+--------+--------+-----+--------+
         Total |   5534 |   5231 |    303 |    143 |   3781 |   9 |  614.9 |
       Dungeon |   5395 |   5099 |    296 |    143 |   3768 |   7 |  770.7 |
        Temple |     27 |     20 |      7 |      0 |      4 |   1 |   27.0 |
        Bailey |    111 |    111 |      0 |      0 |      9 |   1 |  111.0 |
               +--------+--------+--------+--------+--------+-----+--------+

Top non-repeatable levels by time:
     D:1: 1187 daAuts
     D:3: 955 daAuts
     D:4: 935 daAuts
     D:5: 853 daAuts
     D:6: 684 daAuts
     D:2: 661 daAuts
     D:7: 117 daAuts
  Bailey: 111 daAuts
  Temple: 27 daAuts
